 Dungeon Crawl Stone Soup version 0.21-a0-55-gb612c23 (webtiles) character file.

750 xgamer67 the Covert (level 7, -7/35 HPs)
             Began as a Spriggan Warper on June 15, 2017.
             Was a Believer of Nemelex Xobeh.
             Mangled by a two-headed ogre
             ... wielding a +0 giant spiked club
              (22 damage)
             ... while paralysed
             ... on level 7 of the Dungeon.
             The game lasted 00:31:15 (7857 turns).

xgamer67 the Covert (Spriggan Warper)               Turns: 7857, Time: 00:31:16

Health: -7/35      AC:  3    Str:  0 (7)  XL:     7   Next: 48%
Magic:  12/12      EV:  4    Int: 13 (14) God:    Nemelex Xobeh [**....]
Gold:   238        SH:  0    Dex: 15 (18) Spells: 0/11 levels left

rFire    + . .     SeeInvis +   a - +0 short sword
rCold    + . .     Gourm    .   (shield restricted)
rNeg     . . .     Faith    .   B - +0 robe {rC+}
rPois    +         Spirit   .   (helmet restricted)
rElec    .         Reflect  .   x - +0 cloak
rCorr    .         Harm     .   (gloves unavailable)
MR       +....                  (boots unavailable)
Stlth    ++........             y - amulet of rage
HPRegen  0.02/turn              v - ring of protection from fire
MPRegen  0.13/turn              (no ring)

@: confused, paralysed, slowed, lost strength, very quick
A: unfitting armour, beak, see invisible, deterioration 2, herbivore 3, speed 3,
poison resistance, slow metabolism 2
a: Renounce Religion, Evoke Berserk Rage


You were on level 7 of the Dungeon.
You worshipped Nemelex Xobeh.
Nemelex Xobeh was pleased with you.
You were full.

You visited 1 branch of the dungeon, and saw 7 of its levels.

You collected 308 gold pieces.
You spent 70 gold pieces at shops.

Inventory:

Hand Weapons
 a - a +0 short sword (weapon)
Missiles
 g - 4 tomahawks (quivered)
 z - 2 throwing nets
Armour
 q - a +0 buckler
 x - a +0 cloak (worn)
 B - a +0 robe of cold resistance (worn)
Jewellery
 v - a ring of protection from fire (left hand)
 y - an amulet of rage (around neck)
Scrolls
 b - a scroll of immolation {unknown}
 d - a scroll of blinking
 e - a scroll of teleportation {unknown}
 i - 2 scrolls of identify {unknown}
 n - 2 scrolls of amnesia {unknown}
 o - 2 scrolls of noise {unknown}
 p - 3 scrolls of remove curse
 A - a scroll of magic mapping {unknown}
Potions
 h - a potion of berserk rage {unknown}
 j - 2 potions of flight {unknown}
 k - 7 potions of agility {unknown}
 l - a potion of magic {unknown}
 r - a potion of ambrosia {unknown}
 t - a potion of invisibility {unknown}
 u - a potion of haste {unknown}
 w - a potion of lignification {unknown}
Books
 c - a book of Spatial Translocations

   Spells                             Type                      Level
   a - Blink                          Translocation                2
   b - Shroud of Golubria             Charms/Translocation         2
   c - Lesser Beckoning               Translocation                3
   d - Gell's Gravitas                Translocation                3
   e - Teleport Other                 Translocation                3
   f - Passage of Golubria            Translocation                4
Comestibles
 f - a bread ration


   Skills:
 - Level 2.0 Fighting
 + Level 5.5 Short Blades
 - Level 1.0 Throwing
 - Level 5.1 Dodging
 + Level 9.4 Stealth
 - Level 2.6 Spellcasting
 - Level 4.4 Translocations


You couldn't memorise any spells.
You knew the following spells:

 Your Spells              Type           Power        Failure   Level  Hunger
a - Teleport Other        Tloc           ##......     12%         3    ###....
e - Shroud of Golubria    Chrm/Tloc      #.........   14%         2    ###....
g - Blink                 Tloc           N/A          6%          2    ###....
h - Passage of Golubria   Tloc           N/A          36%         4    #####..


Dungeon Overview and Level Annotations

Branches:
Dungeon (7/15)
 Temple: D:4-7

Altars:
Nemelex Xobeh
Vehumet

Shops:
D:4 [

Annotations:
D:2 Natasha
D:4 ogre, exclusions: 2 orcs and phantom, Nattefrost's ghost, amateur DsMo
D:5 exclusions: 2 orcs and orc wizard
D:7 exclusion: centaur, Dowan; Duvessa


Innate Abilities, Weirdness & Mutations

You are very small and have problems with some larger weapons.
You are too small for most types of armour.
You have supernaturally acute eyesight. (SInv)
You are a herbivore.
You cover ground extremely quickly.
You need consume almost no food.
You have a beak for a mouth.
Your body often deteriorates upon taking damage.
Your system is resistant to poisons. (rPois)


Message History

The bullfrog closely misses you. The orc wizard casts a spell at you.
You are confused.
The bullfrog hits you but does no damage.
The bullfrog barely misses you. The bullfrog closely misses you.
The bullfrog misses you. The two-headed ogre misses you.
The two-headed ogre closely misses you. The bullfrog hits you.
You miss the bullfrog. Your peck misses the bullfrog. The bullfrog hits you!
Your body deteriorates!
You feel weakened.
You have lost your strength.
The orc wizard casts a spell.
The orc wizard flickers and vanishes for a moment.
An ogre comes into view. It is wielding a giant spiked club.
The bullfrog hits you!
Your body deteriorates!
You feel clumsy.
The two-headed ogre hits you with a giant spiked club!!
Ouch! That really hurt!
You die...
Your body disappears without a glow.

##.#..#.##.#...o
#....#..# .....o
##..###..........
#..## #..##......
##.## #..# .. .
#.o# #..# ###..#
... #[...# .>.
#..@.# ##..FO#
#.....#.#
#.......#
#.......#
##....#....
#....##.O..
###### .... .##


You could see a two-headed ogre, an ogre (wandering), a bullfrog and an orc
wizard (invisible).

Vanquished Creatures
  An ogre (D:7)
  3 bullfrogs (D:6)
  A crimson imp (D:6)
  An orc priest (D:5)
  A bullfrog zombie (D:5)
  3 hounds
  An orc wizard (D:3)
  A hound zombie (D:7)
  10 adders
  2 worms
  2 dart slugs
  2 leopard geckos
  6 orcs
  5 bats
  A giant cockroach (D:1)
  8 goblins
  5 hobgoblins
  9 jackals
  A ball python (D:3)
  5 frilled lizards
  3 kobolds
  A leopard gecko zombie (D:6)
  4 rats
76 creatures vanquished.

Vanquished Creatures (collateral kills)
  The ghost of Kidiri the Magician, an amateur DEFE (D:3)
  A scorpion (D:5)
  Crazy Yiuf (D:2)
  A worker ant (D:5)
4 creatures vanquished.

Grand Total: 80 creatures vanquished

Notes
Turn   | Place    | Note
-------+----------+-------------------------------------------
     0 | D:1      | xgamer67 the Spriggan Warper began the quest for the Orb.
     0 | D:1      | Reached XP level 1. HP: 10/10 MP: 5/5
    63 | D:1      | Reached skill level 1 in Stealth
   456 | D:2      | Noticed Natasha
   471 | D:2      | Found a runed door.
   750 | D:3      | Reached skill level 2 in Stealth
   981 | D:4      | Reached XP level 2. HP: 11/14 MP: 6/6
  1010 | D:4      | Reached skill level 3 in Stealth
  1014 | D:4      | Found a radiant altar of Vehumet.
  1020 | D:5      | Entered Level 5 of the Dungeon
  1265 | D:5      | Noticed a scorpion
  1284 | D:5      | Noticed a phantom
  1315 | D:5      | Gained mutation: Your system is resistant to poisons. (rPois) [potion of mutation]
  1315 | D:5      | Gained mutation: Your body sometimes deteriorates upon taking damage. [potion of mutation]
  1315 | D:5      | Gained mutation: Your body often deteriorates upon taking damage. [potion of mutation]
  1315 | D:5      | Gained mutation: You have a beak for a mouth. [potion of mutation]
  1317 | D:5      | Reached skill level 5 in Stealth
  1317 | D:5      | Reached XP level 3. HP: 6/18 MP: 8/8
  1321 | D:5      | Learned a level 2 spell: Blink
  1324 | D:5      | Learned a level 2 spell: Shroud of Golubria
  1328 | D:5      | Learned a level 3 spell: Teleport Other
  1654 | D:4      | Noticed a phantom
  1670 | D:4      | Noticed Nattefrost's ghost (amateur DsMo)
  1698 | D:4      | Found Ethinoofeu's Antique Armour Shoppe.
  2590 | D:1      | Reached XP level 4. HP: 19/22 MP: 9/9
  2680 | D:1      | Found a sparkling altar of Nemelex Xobeh.
  2689 | D:1      | Became a worshipper of Nemelex Xobeh the Trickster
  3401 | D:2      | Received a gift from Nemelex Xobeh
  4018 | D:2      | Noticed Crazy Yiuf
  4025 | D:2      | Killed Crazy Yiuf
  4025 | D:2      | Reached XP level 5. HP: 26/26 MP: 10/10
  4107 | D:3      | Noticed Kidiri's ghost (amateur DEFE)
  4113 | D:3      | Killed Kidiri's ghost
  4113 | D:3      | Reached skill level 5 in Dodging
  4113 | D:3      | Reached skill level 6 in Stealth
  4329 | D:3      | You fall through a shaft for 3 floors!
  4379 | D:6      | Reached skill level 7 in Stealth
  4379 | D:6      | Reached XP level 6. HP: 30/30 MP: 11/11
  4477 | D:6      | Reached * piety under Nemelex Xobeh
  5264 | D:4      | Bought an embroidered robe for 70 gold pieces
  5866 | D:5      | Noticed a water moccasin
  5894 | D:5      | Reached skill level 8 in Stealth
  6584 | D:6      | Reached XP level 7. HP: 16/35 MP: 12/12
  6757 | D:6      | Learned a level 4 spell: Passage of Golubria
  6764 | D:6      | Reached ** piety under Nemelex Xobeh
  7159 | D:7      | Noticed a hippogriff
  7165 | D:7      | Noticed Duvessa
  7256 | D:7      | Reached skill level 5 in Short Blades
  7438 | D:7      | Reached skill level 9 in Stealth
  7551 | D:7      | Noticed Dowan
  7844 | D:7      | Noticed a two-headed ogre
  7856 | D:7      | Lost strength.
  7857 | D:7      | Mangled by a two-headed ogre

Vault maps used:
D:1:      scummos_arrival_checkerplants, nemelex_altar_shiori
D:2:      first_bread, uniq_crazy_yiuf_cottage, uniq_natasha
D:3:      cheibrodos_thug_alley, portal_sewer_entry_d
D:4:      kennysheep_mini_moat, serial_shops, nicolae_shop_overgrown_old_shop
D:5:      minmay_temple_entry_poolview
D:6:      serial_park_tiny_pond
D:7:      serial_shops, shop_statue, uniq_duvessa

Skill      XL: |  1  2  3  4  5  6  7 |
---------------+----------------------+-----
Stealth        | 2 5 7 8 9 |  9.4
Dodging        | 4 5 |  5.1
Fighting       | 2 |  2.0
Short Blades   | 3 4 5 |  5.5
Throwing       | |  1.0
Spellcasting   | |  2.6
Translocations | |  4.4

Action                   |  1- 3 |  4- 6 |  7- 9 || total
-------------------------+-------+-------+-------++-------
Melee: Short sword       |   113 |   286 |   100 ||   499
       Peck              |     6 |    38 |    10 ||    54
Throw: Tomahawk          |     8 |     9 |       ||    17
 Cast: Shroud of Golubri |     3 |       |     2 ||     5
       Teleport Other    |     1 |     1 |       ||     2
Evoke: Deck              |       |     9 |       ||     9
  Use: Potion            |     3 |       |       ||     3
       Scroll            |       |     1 |       ||     1
 Stab: Sleeping          |     5 |    14 |     1 ||    20
       Distracted        |     2 |       |       ||     2
  Eat: Royal jelly       |       |     1 |       ||     1
       Fruit             |       |     2 |       ||     2
       Bread ration      |       |       |     1 ||     1
Armor: Robe              |    10 |    18 |    11 ||    39
Dodge: Dodged            |   117 |   202 |   101 ||   420
